 Dungeon Crawl Stone Soup version 0.31.0-9-g3a7656b989 (webtiles) character file.

Game seed: 3366002313093089261

37 qw the Shooter (level 3, 0/20 HPs)
             Began as a Deep Elf Hunter on Feb 2, 2024.
             Slain by a hobgoblin (3 damage)
             ... led by Robin
             ... on level 2 of the Dungeon.
             The game lasted 00:00:02 (859 turns).

qw the Shooter (Deep Elf Hunter)                     Turns: 859, Time: 00:00:03

Health: 0/20       AC:  5    Str: 10    XL:     3   Next: 23%
Magic:  5/5        EV: 11    Int: 13    God:
Gold:   26         SH:  0    Dex: 18    Spells: 2/2 levels left

rFire   . . .        a - +0 shortbow
rCold   . . .        (shield currently unavailable)
rNeg    . . .        d - +0 ring mail
rPois   .            (no helmet)
rElec   .            (no cloak)
rCorr   .            (no gloves)
SInv    .            (no boots)
Will    .....        (no amulet)
Stlth   +            (no ring)
HPRegen 0.23/turn    (no ring)
MPRegen 0.09/turn

%: no passive effects
@: no status effects
A: no striking features
a: no special abilities


You were on level 2 of the Dungeon.
You visited 1 branch of the dungeon, and saw 2 of its levels.

You collected 26 gold pieces.


   Skills:
 - Level 1.5 Fighting
 + Level 6.8 Ranged Weapons
 - Level 2.4 Dodging
 - Level 1.2 Stealth


You had 2 spell levels left.
You didn't know any spells.
Your spell library was empty.

Inventory:

Hand Weapons
 a - a +0 shortbow (weapon)
Armour
 d - a +0 ring mail (worn)
Potions
 g - a potion of invisibility {unknown}

Dungeon Overview and Level Annotations

Branches:
Dungeon (2/15)

Altars:

Annotations:
D:2 Robin


Message History

The hobgoblin hits you.
A hobgoblin comes into view.
Robin roars a battlecry!
The goblins go into a battle-frenzy!
The hobgoblin hits you.
You shoot an arrow.
The arrow completely misses the hobgoblin.
The hobgoblin barely misses you. Robin hits you but does no damage.
The hobgoblin misses you.
You shoot an arrow. The arrow hits the hobgoblin.
You kill the hobgoblin!
A goblin comes into view. It is wielding a +0 dagger.
The hobgoblin closely misses you.
You shoot an arrow. The arrow barely misses the goblin.
The goblin misses you. The hobgoblin hits you.
You shoot an arrow. The arrow hits the goblin!
You kill the goblin!
Robin hits you but does no damage. The hobgoblin hits you.
The hobgoblin closely misses you. The hobgoblin barely misses you.
A goblin comes into view. It is wielding a +0 club.
Robin closely misses you.
You shoot an arrow. The arrow hits the hobgoblin.
The hobgoblin is lightly wounded.
The hobgoblin hits you. The hobgoblin barely misses you.
Robin barely misses you.
You shoot an arrow. The arrow hits the hobgoblin.
The hobgoblin is almost dead.
The hobgoblin hits you. x2
Robin hits you from afar with a +0 spear.
You shoot an arrow. The arrow hits the hobgoblin.
You kill the hobgoblin!
The hobgoblin barely misses you.
A hobgoblin comes into view. It is wielding a +0 dagger.
Robin barely misses you.
You shoot an arrow. The arrow closely misses the hobgoblin.
The hobgoblin barely misses you.
The hobgoblin hits you with a +0 dagger.
You shoot an arrow. The arrow closely misses the hobgoblin.
The hobgoblin hits you.
You die...

)?........
.......#
.......
#..#.#
##....#
#.<.#
##g..#
#ggg.#
#@#/...#
#.#..g.#
..####g.g#
#.## ##g#
#( .g ..
#. #.


You could see Robin, 2 hobgoblins and a goblin (strong).

Vanquished Creatures
  2 ball pythons (D:1)
  2 endoplasms (D:1)
  2 giant cockroaches (D:1)
  7 goblins
  6 hobgoblins
  3 jackals (D:1)
  2 quokkas
  3 frilled lizards (D:1)
  6 rats (D:1)
33 creatures vanquished.

Notes
Turn   | Place    | Note
-------+----------+-------------------------------------------
     0 | D:1      | qw the Deep Elf Hunter began the quest for the Orb.
     0 | D:1      | Reached XP level 1. HP: 12/12 MP: 3/3
     0 | D:1      | 0 ||| qw: Version: 0.3-a-155-g5e7d8dd
     0 | D:1      | 0 ||| qw: Game counter: 1541
     0 | D:1      | 0 ||| qw: Melee chars always use a shield: true
     0 | D:1      | 0 ||| qw: God list: Okawaru
     0 | D:1      | 0 ||| qw: Allow faded altars: false
     0 | D:1      | 0 ||| qw: Do Orc after clearing Dungeon:15 true
     0 | D:1      | 0 ||| qw: Do second Lair branch before Depths: true
     0 | D:1      | 0 ||| qw: Lair rune preference: random
     0 | D:1      | 0 ||| qw: Goals: Normal
     0 | D:1      | 0 ||| PLANNING D:1-11
   284 | D:1      | Reached skill level 6 in Ranged Weapons
   284 | D:1      | Reached XP level 2. HP: 16/16 MP: 4/4
   799 | D:1      | 799 ||| UPGRADING to +0 ring mail.
   809 | D:1      | 809 ||| DROPPING +0 leather armour.
   810 | D:1      | 810 ||| READING scroll labelled XODEOM XOIMO.
   810 | D:1      | 810 ||| IDENTIFYING sapphire potion
   811 | D:1      | 811 ||| DROPPING scroll of butterflies.
   831 | D:2      | 831 ||| RETREEEEATING.
   832 | D:2      | 832 ||| RETREEEEATING.
   833 | D:2      | 833 ||| RETREEEEATING.
   838 | D:2      | Reached XP level 3. HP: 20/20 MP: 5/5
   843 | D:2      | Noticed Robin
   849 | D:2      | HP: 5/20 [hobgoblin[Robin] (2)]
   850 | D:2      | 850 ||| DRINKING potion of heal wounds.
   856 | D:2      | HP: 4/20 [Robin/+0 spear (4)]
   859 | D:2      | Slain by a hobgoblin

Levels and vault maps discovered:
D:1:      amcnicky_arrival_feature_with_door, layout_basic,
          grunt_decor_resistance, corexii_item_surrounded_by_moat
D:2:      layout_rooms, basic_altar, minmay_quantized, uniq_robin

Skill      XL: |  1 |
---------------+----+-----
Ranged Weapons | 6 |  6.8
Fighting       | |  1.5
Dodging        | |  2.4
Stealth        | |  1.2

Action                     || total
---------------------------++-------
   Fire: Shortbow          ||    74
    Use: Scroll            ||     1
         Potion            ||     1
 Armour: Ring mail         ||    31
         Leather armour    ||     1
  Dodge: Dodged            ||    32

Table legend:
 A = Non-vault XP
 B = Vault XP
 C = Vault XP percentage of total XP
 D = Non-vault monster count
 E = Vault monster count
 F = Vault count percentage of total count
                 A         B        C        D         E       F
            +---------+---------+-------+---------+---------+-------
      Total |      40 |      14 |  25.9 |      25 |       8 |  24.2
            +---------+---------+-------+---------+---------+-------
        D:1 |      38 |       0 |   0.0 |      24 |       0 |   0.0
        D:2 |       2 |      14 |  87.5 |       1 |       8 |  88.9
            +---------+---------+-------+---------+---------+-------
